 Dungeon Crawl Stone Soup version 0.30-a0-728-gc68057be0a (webtiles) character file.

Game seed: 443537969696723979

150216 BigDaddyOpFi the Severer (level 17, -1/161 HPs)
             Began as a Hill Orc Fighter on Jan 30, 2023.
             Was the Champion of Beogh.
             Blown up by an orb spider (39 damage)
             ... with an orb of destruction
             ... on level 2 of the Spider Nest.
             The game lasted 01:01:51 (38495 turns).

BigDaddyOpFi the Severer (Hill Orc Fighter)        Turns: 38495, Time: 01:01:52

Health: -1/161     AC: 30    Str: 33    XL:     17   Next: 23%
Magic:  26/29      EV:  7    Int: 15    God:    Beogh [******]
Gold:   2230       SH: 24    Dex: 13    Spells: 16/16 levels left

rFire   . . .      SeeInvis .    w - +8 hand axe of Oqym {spect, Will++ Int+4}
rCold   . . .      Faith    .    W - +0 tower shield
rNeg    . . .      Spirit   .    Q - +6 plate armour
rPois   +          Reflect  +    L - +1 hat
rElec   .          Harm     .    o - +0 cloak
rCorr   .          Rampage  .    i - +0 pair of gloves
Will    ++++.                    h - +1 pair of boots of the Beekeeper {Will+ Slay+2} Stlth
                                 D - amulet of reflection
HPRegen 0.46/turn                u - ring "Aroog" {Str+6 Int+3 Dex+3}
MPRegen 0.21/turn                R - ring of poison resistance

@: no status effects
A: walk on water
}: 1/15 runes: barnacled
a: Renounce Religion, Smiting, Recall Orcish Followers, Give Item to Named
Follower, Resurrection


You were on level 2 of the Spider Nest.
You worshipped Beogh.
Beogh was exalted by your worship.
You visited 6 branches of the dungeon, and saw 29 of its levels.
You also visited: Bailey.

You collected 4216 gold pieces.
You spent 1986 gold pieces at shops.

Inventory:

Hand Weapons
 a - the +5 double sword of Miloqih {protect, Int+3}
   (You found it on level 4 of the Shoals)

   Int:       It affects your intelligence (+3).
 n - the +8 trishula "Condemnation" {holy, anguish, *Noise Fly rN+}
   (You found it on level 4 of the Shoals)

   rN:        It protects you from negative energy.
   Fly:       It grants you flight.
   *Noise:    It may make noises in combat.
 w - the +8 hand axe of Oqym (weapon) {spect, Will++ Int+4}
   (You found it on level 4 of the Dungeon)

   Int:       It affects your intelligence (+4).
   Will:      It greatly increases your willpower.
 H - the +7 dagger of a volcano {elec, *Noise rElec rC+ Int+3}
   (You found it on level 3 of the Shoals)

   Int:       It affects your intelligence (+3).
   rC:        It protects you from cold.
   rElec:     It insulates you from electricity.
   *Noise:    It may make noises in combat.
 Y - the +6 battleaxe of Revolt {drain, Str+3 Int+4 Stlth+}
   (You took it off a deep elf pyromancer on level 14 of the Dungeon)

   Str:       It affects your strength (+3).
   Int:       It affects your intelligence (+4).
   Stlth:     It makes you more stealthy.
Missiles
 x - 9 throwing nets
 O - 4 silver boomerangs
Armour
 h - the +1 pair of boots of the Beekeeper (worn) {Will+ Slay+2}
   (You found it on level 4 of the Shoals)

   Slay:      It affects your accuracy & damage with ranged weapons and melee
   (+2).
   Will:      It increases your willpower.
 i - a +0 pair of gloves (worn)
 o - a +0 cloak (worn)
 L - a +1 hat (worn)
 P - the +1 plate armour of the Yeti {rElec Will- Dex+2}
   (You bought it in a shop on level 1 of the Orcish Mines)

   Dex:       It affects your dexterity (+2).
   rElec:     It insulates you from electricity.
   Will:      It decreases your willpower.
 Q - a +6 plate armour (worn)
 W - a +0 tower shield (worn)
Jewellery
 c - an amulet of faith
 g - a +6 ring of strength
 r - an amulet of regeneration
 u - the ring "Aroog" (left hand) {Str+6 Int+3 Dex+3}
   (You bought it in a shop on level 8 of the Dungeon)

   [ring of strength]

   Str:       It affects your strength (+6).
   Int:       It affects your intelligence (+3).
   Dex:       It affects your dexterity (+3).
 D - an amulet of reflection (around neck)
 R - a ring of poison resistance (right hand)
 S - a +6 ring of dexterity
 U - a ring of see invisible
 Z - a +5 ring of evasion
Wands
 j - a wand of polymorph (2)
 l - a wand of mindburst (24)
 m - a wand of flame (29)
 F - a wand of iceblast (42)
 G - a wand of charming (19)
Scrolls
 b - 3 scrolls of vulnerability
 d - 7 scrolls of teleportation
 s - 6 scrolls of amnesia
 v - a scroll of silence
 y - 4 scrolls of enchant weapon
 z - 5 scrolls of fear
 B - 21 scrolls of identify
 E - 3 scrolls of fog
Potions
 e - 4 potions of brilliance
 f - 2 potions of berserk rage {unknown}
 k - 7 potions of mutation
 p - 5 potions of ambrosia
 q - 3 potions of lignification
 t - 5 potions of degeneration
 A - 7 potions of flight
 C - 3 potions of magic
 I - 2 potions of curing
 J - 4 potions of attraction {unknown}
 K - 2 potions of might
 M - 2 potions of haste
 N - 2 potions of invisibility {unknown}
 V - 2 potions of resistance
Miscellaneous
 T - a condenser vane


   Skills:
 + Level 17.0 Fighting
 - Level 18.0 Axes
 + Level 15.7 Armour
 + Level 15.6 Shields
 + Level 17.0 Invocations


You had 16 spell levels left.
You didn't know any spells.
Your spell library contained the following spells:

 Spells                   Type           Power      Damage    Failure   Level
 Apportation              Tloc           0%         N/A       99%         1
 Foxfire                  Conj/Fire      0%         2x1d4     99%         1
 Kiss of Death            Conj/Necr      0%         2d5       99%         1
 Magic Dart               Conj           0%         1d3       99%         1
 Necrotise                Necr           0%         1d4       99%         1
 Sandblast                Erth           0%         2d4       99%         1
 Summon Small Mammal      Summ           0%         N/A       99%         1
 Call Imp                 Summ           0%         N/A       99%         2
 Cigotuvi's Dreadful Rot  Necr/Pois/Air  0%         N/A       99%         2
 Lesser Beckoning         Tloc           0%         N/A       99%         2
 Passwall                 Tmut/Erth      0%         N/A       99%         2
 Searing Ray              Conj           0%         2d4       99%         2
 Confusing Touch          Hex            0%         N/A       100%        3
 Gell's Gravitas          Tloc           0%         N/A       100%        3
 Mephitic Cloud           Conj/Pois/Air  0%         N/A       100%        3
 Stone Arrow              Conj/Erth      0%         3d7       100%        3
 Teleport Other           Tloc           0%         N/A       100%        3
 Dispel Undead            Necr           0%         3d6       100%        4
 Fulminant Prism          Conj/Hex       0%         3d5       100%        4
 Fireball                 Conj/Fire      0%         3d3       100%        5
 Iskenderun's Battlesphe  Conj           0%         2d6       100%        5
 Summon Forest            Summ/Tloc      0%         N/A       100%        5
 Summon Mana Viper        Hex/Summ       0%         N/A       100%        5
 Death Channel            Necr           0%         N/A       100%        6
 Eringya's Noxious Bog    Tmut/Pois      0%         N/A       100%        6
 Iron Shot                Conj/Erth      0%         9d1       100%        6
 Starburst                Conj/Fire      0%         6d3       100%        6
 Summon Cactus Giant      Summ           0%         N/A       100%        6
 Spellforged Servitor     Conj/Summ      0%         N/A       100%        7
 Summon Hydra             Summ           0%         N/A       100%        7


Dungeon Overview and Level Annotations

Branches:
Dungeon (15/15)            Temple (1/1) D:7            Lair (5/5) D:10
 Shoals (4/4) Lair:2       Spider (2/4) Lair:3        Slime (0/5) Lair:4
    Orc (2/2) D:12            Elf (0/3) Orc:2        Vaults (0/5) D:14
 Depths (0/4) D:15         Bailey (visited)

Altars:
Ashenzari
Dithmenos
Elyvilon
Kikubaaqudgha
Makhleb
Nemelex Xobeh
Okawaru
Ru
Sif Muna
Trog
Uskayaw
Wu Jian
Zin

Shops:
D:2 [   D:5 [   D:8 =   D:11 *   Orc:1 [   Orc:2 (*([

Portals:
Trove: D:14 (give +2 gold dragon scales)

Annotations:
D:5 3 runed translucent doors, Legacy's ghost, novice MiBe
D:13 3 runed translucent doors, 4 transporters, IdlyInterested's ghost, journeyman DsMo


Message History

The wolf spider bites your +8 hand axe of Oqym {spect, Will++ Int+4}.
Your spectral weapon shares its damage with you!
* * * LOW HITPOINT WARNING * * *
Boldo hits the wolf spider from afar with the +2 halberd "Reteurph" {freeze, rN+}!!
Boldo freezes the wolf spider.
The wolf spider dies!
Beogh accepts your kill.
A freezing mist starts to gather...
The culicivora bites you but does no damage.
A wolf spider simulacrum comes into view.
A redback comes into view.
You block the wolf spider simulacrum's attack. x2
Boldo barely misses the culicivora.
The orb spider weaves a glowing orb of energy.
An orb of destruction comes into view.
You barely miss the wolf spider simulacrum.
You hit the culicivora.
Your +8 hand axe of Oqym {spect, Will++ Int+4} hits the culicivora!
You block the culicivora's attack.
You block the wolf spider simulacrum's attack.
The wolf spider simulacrum bites you but does no damage.
Boldo hits the culicivora from afar with the +2 halberd "Reteurph" {freeze, rN+}!!!
Boldo freezes the culicivora.
The culicivora dies!
Beogh accepts your kill.
A freezing mist starts to gather...
A culicivora simulacrum comes into view.
You hit the wolf spider simulacrum.
The wolf spider simulacrum is lightly damaged.
You barely miss the culicivora simulacrum.
Your +8 hand axe of Oqym {spect, Will++ Int+4} closely misses the culicivora simulacrum.
You block the wolf spider simulacrum's attack. x2
The culicivora simulacrum bites you but does no damage.
You slash the wolf spider simulacrum!
The wolf spider simulacrum is moderately damaged.
You slash the culicivora simulacrum!
Your +8 hand axe of Oqym {spect, Will++ Int+4} hits the culicivora simulacrum!
The culicivora simulacrum vaporises!
The orb of destruction hits you!!!
You die...

##....<........
#......†.......
##..#..†#..####
##†...#..## ## ##
#.......# ...
##.###.......#
.<..#..oo#.#......#
....s#.#........###
#..#..)(○@.....#
#..○○○|Z#..#.#
.....s..#.#^.####
##..#.......##
#^.......s.##
...###.#?..# ..
##....# . ...### .#


You could see an orb spider (soul bound), a jumping spider (soul bound), a
redback, a wolf spider simulacrum (ally target), the friendly Boldo the orc
warlord, the friendly Hawl the orc warlord and a friendly +8 hand axe of Oqym
{spect, Will++ Int+4} (summoned).

Vanquished Creatures
  Arachne (Spider:2)
  A kraken (Shoals:1)
  A dire elephant (D:15)
  2 merfolk javelineers
  5 merfolk impalers
  A vault guard (D:14)
  2 catoblepae
  A merfolk avatar (Shoals:4)
  A hydra (D:14)
  4 centaur warriors
  A merfolk aquamancer (Shoals:4)
  An alligator snapping turtle (Shoals:2)
  10 two-headed ogres
  Erica (D:8)
  2 satyrs
  2 death yaks
  An orc high priest (Orc:2)
  Urug (Lair:3)
  A hell knight (D:14)
  A pharaoh ant (Spider:2)
  A spriggan simulacrum (Shoals:3)
  7 sea snakes
  A deep troll (Orc:2)
  9 harpies
  2 deep elf pyromancers
  Pikel (D:7)
  An orc knight (Orc:1)
  A steelbarb worm (Spider:1)
  11 ugly things
  A wolf spider (D:15)
  10 fauns
  10 cyclopes
  4 manticores
  3 elephants (Lair:5)
  4 slime creatures (D:13)
  Maurice (D:8)
  A black mamba (Lair:5)
  A demonic crawler (Spider:1)
  5 cane toads
  5 merfolk sirens
  A rime drake (Lair:1)
  4 water nymphs
  An eye of devastation (shapeshifter) (D:13)
  2 torpor snails
  A freezing wraith (D:14)
  A kobold demonologist (D:14)
  6 komodo dragons
  4 tengu conjurers
  An unseen horror (D:9)
  7 polar bears
  9 trolls
  10 merfolk
  2 meliai (Spider:2)
  3 wind drakes
  A tarantella (Spider:1)
  6 blink frogs
  A raiju (Lair:5)
  4 snapping turtles
  6 dream sheep
  3 jumping spiders
  Sigmund (D:3)
  A culicivora (Spider:1)
  A shadow (D:9)
  40 yaks
  3 wraiths
  A dire elephant simulacrum (Shoals:3)
  3 water elementals (Shoals:2)
  2 wyverns
  A yak (shapeshifter) (D:13)
  2 basilisks
  5 redbacks (Spider:1)
  4 vampire mosquitoes (D:11)
  A steam dragon (D:8)
  Grum (D:8)
  A minotaur simulacrum (Shoals:3)
  3 wargs
  4 hell hounds (Lair:5)
  11 water moccasins
  2 sky beasts
  6 orc warriors
  11 black bears
  4 ice beasts
  An alligator simulacrum (Shoals:3)
  16 ogres
  28 wolves
  13 centaurs
  A lemure (D:7)
  2 phantoms
  8 kobold brigands
  9 bullfrogs
  3 gnoll sergeants (D:9)
  4 scorpions
  4 killer bees (D:8)
  An electric eel (Spider:1)
  5 howler monkeys
  3 orc priests
  3 hounds
  2 jellies (Lair:4)
  Natasha (thrice) (D:3)
  4 gnoll boudas
  Ijyb (D:3)
  6 orc wizards
  5 iguanas
  Robin (D:3)
  24 gnolls
  5 adders
  3 shadow imps
  3 worms
  3 dart slugs
  23 orcs
  7 ball pythons
  8 bats
  8 endoplasms
  3 giant cockroaches
  14 goblins
  8 hobgoblins
  16 jackals
  27 kobolds
  2 quokkas
  4 frilled lizards
  3 rats
  2 tentacles (Shoals:1)
586 creatures vanquished.

Vanquished Creatures (collateral kills)
  Polyphemus (Shoals:2)
  An emperor scorpion (Spider:1)
  A spark wasp (Spider:1)
  An ettin (Orc:2)
  2 merfolk javelineers
  A rakshasa (D:14)
  3 merfolk impalers (Shoals:4)
  7 vault guards (D:14)
  6 hydras
  2 merfolk aquamancers (Shoals:2)
  A centaur warrior (D:14)
  A jorogumo (Spider:1)
  2 catoblepae
  A satyr (Shoals:2)
  2 alligator snapping turtles
  An ogre mage (Orc:2)
  4 two-headed ogres
  A boulder beetle (D:12)
  A tengu warrior (D:13)
  6 death yaks
  8 sea snakes
  A pharaoh ant (Spider:2)
  A deep troll (Orc:2)
  A death drake (shapeshifter) (D:14)
  A glowing orange brain (D:14)
  A steelbarb worm (Spider:1)
  6 harpies
  3 manticores
  4 fauns
  6 ugly things
  2 wolf spiders
  2 cyclopes
  3 elephants (Lair:5)
  7 water nymphs
  3 black mambas
  2 merfolk sirens
  2 torpor snails (Spider:1)
  A demonic crawler (Spider:2)
  3 cane toads
  6 komodo dragons
  2 tengu conjurers (D:14)
  A meliai (Spider:2)
  4 trolls (Orc:2)
  A hornet (D:11)
  4 polar bears (Lair:5)
  4 wind drakes
  12 merfolk
  14 blink frogs
  6 snapping turtles
  A dream sheep (Shoals:4)
  2 raiju (Lair:5)
  19 jumping spiders
  3 water elementals (Shoals:2)
  A dire elephant simulacrum (Shoals:3)
  20 yaks
  6 redbacks (Spider:1)
  4 culicivoras
  2 minotaur simulacra (Shoals:3)
  4 wargs (Lair:5)
  6 water moccasins
  8 hell hounds (Lair:5)
  An orc warrior (Orc:2)
  12 wolves
  5 black bears
  8 ogres (Orc:2)
  2 centaurs (D:14)
  4 bullfrogs (Lair:3)
  A lindwurm simulacrum (Shoals:3)
  An electric eel (Spider:1)
  2 orc priests (Orc:1)
  5 orc wizards
  2 gnolls (D:9)
  6 orcs
  A kobold (Bailey)
  5 butterflies
  2 plants
  2 tentacles (Shoals:1)
291 creatures vanquished.

Vanquished Creatures (others)
  An ogre mage (Orc:2)
  2 orc sorcerers
  A merfolk avatar (Shoals:4)
  An orc high priest (Shoals:2)
  6 orc knights
  A merfolk (Shoals:4)
  7 orc warriors
  6 orc priests
  5 orc wizards
  21 orcs
  39 fungi
  153 plants
  2 tentacles (Shoals:1)
245 creatures vanquished.

Grand Total: 1122 creatures vanquished

Notes
Turn   | Place    | Note
-------+----------+-------------------------------------------
     0 | D:1      | BigDaddyOpFi the Hill Orc Fighter began the quest for the
                  | Orb.
     0 | D:1      | Reached XP level 1. HP: 19/19 MP: 1/1
    67 | D:1      | Reached XP level 2. HP: 20/27 MP: 2/2
    68 | D:1      | Reached skill level 3 in Axes
   177 | D:1      | You fall into a shaft and drop 1 floor!
   376 | D:2      | Found Dyk Kez's Armour Shop.
   450 | D:2      | Reached XP level 3. HP: 29/33 MP: 3/3
  1740 | D:2      | Reached XP level 4. HP: 40/40 MP: 4/4
  2133 | D:3      | Noticed Natasha
  2148 | D:3      | Killed Natasha
  2305 | D:3      | Noticed Robin
  2315 | D:3      | Reached skill level 4 in Axes
  2315 | D:3      | Killed Robin
  2316 | D:3      | Reached XP level 5. HP: 25/47 MP: 5/5
  2476 | D:3      | Noticed Ijyb
  2476 | D:3      | Noticed Natasha
  2485 | D:3      | Killed Natasha
  2547 | D:3      | Killed Ijyb
  2737 | D:3      | Noticed Natasha
  2743 | D:3      | Killed Natasha
  2745 | D:3      | Noticed Sigmund
  2767 | D:3      | Killed Sigmund
  2768 | D:3      | Reached skill level 5 in Fighting
  2768 | D:3      | Reached skill level 5 in Axes
  2768 | D:3      | Reached XP level 6. HP: 38/56 MP: 6/6
  3025 | D:4      | Reached skill level 5 in Shields
  3320 | D:4      | Found a shimmering blue altar of Sif Muna.
  3388 | D:4      | Reached XP level 7. HP: 61/61 MP: 7/7
  3410 | D:4      | Found a glowing silver altar of Zin.
  3430 | D:4      | Reached skill level 5 in Armour
  3459 | D:4      | HP: 1/62 [black bear (4)]
  3598 | D:4      | Found an ancient bone altar of Kikubaaqudgha.
  3744 | D:4      | Identified the +8 hand axe of Oqym {spect, Will++ Int+4}
  4005 | D:5      | Entered Level 5 of the Dungeon
  4006 | D:5      | Became a worshipper of Beogh the Brigand
  4120 | D:5      | Reached skill level 6 in Axes
  4147 | D:5      | Reached XP level 8. HP: 61/71 MP: 8/8
  4149 | D:5      | Reached * piety under Beogh
  4239 | D:5      | Reached skill level 1 in Invocations
  4308 | D:5      | Noticed a troll
  4314 | D:5      | Killed a troll
  4315 | D:5      | Reached skill level 7 in Axes
  4668 | D:5      | Found a runed translucent gate.
  4668 | D:5      | Found a runed translucent gate.
  4668 | D:5      | Found a runed translucent gate.
  4668 | D:5      | Noticed Legacy's ghost (novice MiBe)
  4732 | D:5      | Found Caqu's Antique Armour Shop.
  4796 | D:5      | Found a sparkling altar of Nemelex Xobeh.
  4796 | D:5      | Found a bloodstained altar of Trog.
  4851 | D:6      | Reached XP level 9. HP: 79/79 MP: 11/11
  5050 | D:6      | Found a sacrificial altar of Ru.
  5113 | D:6      | Reached skill level 8 in Axes
  5381 | D:6      | Found a shadowy altar of Dithmenos.
  5409 | D:7      | Reached ** piety under Beogh
  5559 | D:7      | Found a broken altar of Ashenzari.
  5665 | D:7      | Reached skill level 5 in Invocations
  5687 | D:7      | Noticed Pikel
  5696 | D:7      | Killed Pikel
  5697 | D:7      | Reached skill level 9 in Axes
  5697 | D:7      | Reached XP level 10. HP: 41/90 MP: 14/14
  6102 | D:7      | Found a staircase to the Ecumenical Temple.
  6276 | D:8      | Noticed Erica
  6285 | D:8      | Killed Erica
  6380 | D:8      | Reached *** piety under Beogh
  6531 | D:8      | Found Emixic's Jewellery Shop.
  6531 | D:8      | Noticed Maurice
  6540 | D:8      | Killed Maurice
  6786 | D:8      | Noticed Grum
  6800 | D:8      | Reached skill level 10 in Axes
  6804 | D:8      | Killed Grum
  7105 | D:9      | Killed an unseen horror
  7267 | D:9      | Reached XP level 11. HP: 77/99 MP: 16/16
  7269 | D:9      | Gained Orbeogh as an ally
  7487 | D:9      | Reached skill level 10 in Fighting
  7978 | D:9      | Found a hide-covered altar of Uskayaw.
  8219 | D:10     | Entered Level 10 of the Dungeon
  8316 | D:10     | Noticed a two-headed ogre
  8321 | D:10     | Killed a two-headed ogre
  8413 | D:10     | Found a flagged portal.
  8426 | D:10     | Identified the +2 halberd "Reteurph" {freeze, rN+}
  8433 | Bailey   | Entered a bailey
  8449 | Bailey   | Reached **** piety under Beogh
  8579 | Bailey   | Identified the +2 robe of Theory {Contam Rampage Str+4
                  | Dex+2}
  8592 | Bailey   | Found a bloodstained altar of Trog.
  8599 | Bailey   | Reached skill level 11 in Axes
  9397 | D:10     | Found a staircase to the Lair.
  9700 | D:11     | Noticed a cyclops
  9712 | D:11     | Killed a cyclops
  9727 | D:11     | Reached skill level 10 in Armour
  9727 | D:11     | Reached skill level 10 in Shields
 10348 | D:11     | Noticed a two-headed ogre
 10355 | D:11     | Killed a two-headed ogre
 10356 | D:11     | Reached XP level 12. HP: 96/110 MP: 19/19
 10752 | D:11     | Found Fusaff's General Store.
 10833 | D:11     | Noticed a two-headed ogre
 10838 | D:11     | Killed a two-headed ogre
 10839 | D:11     | Reached skill level 12 in Axes
 11340 | D:12     | Noticed a two-headed ogre
 11348 | D:12     | Killed a two-headed ogre
 11536 | D:12     | Reached skill level 10 in Invocations
 11593 | D:12     | Found a staircase to the Orcish Mines.
 11739 | D:12     | Noticed a two-headed ogre
 11749 | D:12     | Killed a two-headed ogre
 11944 | D:12     | Noticed a boulder beetle
 11969 | D:12     | Killed a boulder beetle
 11969 | D:12     | Reached ***** piety under Beogh
 13209 | D:13     | Noticed a tengu warrior
 13215 | D:13     | Found a runed translucent gate.
 13215 | D:13     | Found a runed translucent gate.
 13215 | D:13     | Found a runed translucent gate.
 13219 | D:13     | Killed a tengu warrior
 13221 | D:13     | Noticed IdlyInterested's ghost (journeyman DsMo)
 13418 | D:13     | Found a transporter.
 13425 | D:13     | Found a transporter.
 13478 | D:13     | Identified the +2 robe "Eduf" {-Tele rElec rCorr}
 13485 | D:13     | Found a transporter.
 13547 | D:13     | Noticed a centaur warrior
 13553 | D:13     | Killed a centaur warrior
 13585 | D:13     | Found a transporter.
 14000 | Lair:1   | Entered Level 1 of the Lair of Beasts
 14022 | Lair:1   | Reached skill level 13 in Axes
 14104 | Lair:1   | Reached XP level 13. HP: 105/118 MP: 21/21
 14428 | Lair:1   | Gained Boldo as an ally
 15732 | Lair:2   | Found a staircase to the Shoals.
 16069 | Lair:3   | Identified the +1 flail "Toboyhad" {distort, rCorr Str+3}
 16319 | Lair:3   | Gained Zartorak as an ally
 16813 | Lair:3   | Found a hole to the Spider Nest.
 16841 | Lair:3   | Noticed Urug
 16850 | Lair:3   | Killed Urug
 17763 | Lair:4   | Reached skill level 14 in Axes
 18438 | Lair:4   | Found a staircase to the Slime Pits.
 19158 | Lair:5   | Entered Level 5 of the Lair of Beasts
 19259 | Lair:4   | Reached XP level 14. HP: 50/129 MP: 23/23
 19587 | Lair:5   | Your ally Zartorak died
 19800 | Lair:5   | Reached ****** piety under Beogh
 19815 | Lair:5   | Gained Hawl as an ally
 19983 | Lair:5   | Reached skill level 15 in Axes
 21687 | Orc:1    | Entered Level 1 of the Orcish Mines
 22174 | Orc:2    | Entered Level 2 of the Orcish Mines
 22175 | Orc:2    | Gained Borgk as an ally
 22536 | Orc:2    | Found a staircase to the Elven Halls.
 22724 | Orc:2    | Identified a scroll of acquirement
 22724 | Orc:2    | Acquired 1097 gold pieces
 22732 | Orc:2    | Found Qiyckafa's Armour Shoppe.
 23308 | Orc:2    | Reached XP level 15. HP: 136/139 MP: 25/25
 23331 | Orc:2    | Found Pulunoh's Weapon Emporium.
 23338 | Orc:2    | Found Udaemm's Assorted Antiques.
 23347 | Orc:2    | Found Yxyfenih's Antique Weapon Shoppe.
 24329 | Orc:1    | Gained Brunolf as an ally
 24434 | Orc:1    | Found Nuamio's Antique Armour Boutique.
 24441 | Orc:1    | Bought an embroidered hat for 231 gold pieces
 24441 | Orc:1    | Bought a translucent plate armour for 924 gold pieces
 24441 | Orc:1    | Identified the +1 plate armour of the Yeti {rElec Will-
                  | Dex+2} (You bought it in a shop on level 1 of the Orcish
                  | Mines)
 25966 | D:14     | Reached skill level 15 in Fighting
 25966 | D:14     | Reached skill level 16 in Axes
 26085 | D:14     | Found a gate to the Vaults.
 26596 | D:14     | Identified the +6 battleaxe of Revolt {drain, Str+3 Int+4
                  | Stlth+}
 26608 | D:14     | Gained Olfrun as an ally
 26631 | D:14     | Identified the +1 barding "Dauqev" {rPois Will+ rCorr
                  | Str+3}
 26984 | D:14     | Found a portal to a secret trove of treasure.
 27062 | D:15     | Entered Level 15 of the Dungeon
 27258 | D:15     | Reached skill level 15 in Invocations
 27272 | D:15     | Your ally Olfrun died
 27601 | D:15     | Gained Bolgrim as an ally
 27602 | D:15     | Found a staircase to the Depths.
 28429 | Shoals:1 | Entered Level 1 of the Shoals
 28523 | Shoals:1 | Noticed a kraken
 28533 | Shoals:1 | Killed a kraken
 28706 | Shoals:1 | Reached XP level 16. HP: 29/150 MP: 27/27
 29751 | Shoals:2 | Your ally Bolgrim died
 29791 | Shoals:2 | Reached skill level 17 in Axes
 29943 | Shoals:2 | Killed Polyphemus
 31094 | Shoals:3 | Found a frozen archway.
 31100 | Shoals:3 | Your ally Orbeogh died
 31349 | Shoals:3 | Identified the +7 dagger of a volcano {elec, *Noise rElec
                  | rC+ Int+3}
 32336 | Shoals:3 | Reached skill level 15 in Armour
 32669 | Shoals:4 | Entered Level 4 of the Shoals
 32735 | Shoals:4 | Reached skill level 15 in Shields
 32737 | Shoals:4 | Your ally Borgk died
 32759 | Shoals:4 | Gained Zorug as an ally
 33267 | Shoals:4 | Your ally Zorug died
 33316 | Shoals:4 | Identified the +5 double sword of Miloqih {protect, Int+3}
 33766 | Shoals:4 | Identified the +1 pair of boots of the Beekeeper {Will+
                  | Slay+2}
 34167 | Shoals:4 | Identified the +3 morningstar "ETAOIN SHRDLU" {heavy,
                  | Int+4}
 34597 | Shoals:4 | Found the +8 trishula "Condemnation" {holy, anguish, *Noise
                  | Fly rN+}
 34610 | Shoals:4 | Your ally Brunolf died
 35436 | Shoals:4 | Reached XP level 17. HP: 160/160 MP: 29/29
 35446 | Shoals:4 | Got a barnacled rune of Zot
 36228 | Temple   | Entered the Ecumenical Temple
 36880 | Spider:1 | Entered Level 1 of the Spider Nest
 37517 | D:8      | Bought the ring "Aroog" {Str+6 Int+3 Dex+3} for 611 gold
                  | pieces
 37517 | D:8      | Bought a ring of poison resistance for 220 gold pieces
 37681 | Spider:1 | Reached skill level 18 in Axes
 38464 | Spider:2 | Noticed Arachne
 38477 | Spider:2 | Killed Arachne
 38495 | Spider:2 | Blown up by an orb spider

Illustrated notes

Levels and vault maps discovered:
D:1:      minmay_arrival_cross, layout_basic
D:2:      layout_loops_corners, serial_shops, nicolae_shop_trees
D:3:      layout_basic, grunt_ministairs_1, uniq_natasha, uniq_robin,
          uniq_sigmund, uniq_ijyb
D:4:      layout_loops_ring, mainiacjoe_overflow_catch_the_wave,
          mainiacjoe_overflow_paths
D:5:      nicolae_cairo_tiling_large_dashed, layout_rooms,
          gammafunk_temple_overflow_statue, gammafunk_ghost_nasty_kobolds,
          kennysheep_windowed_goal
D:6:      layout_cave_pools, nicolae_ru_the_path_less_chosen,
          grunt_dithmenos_shadows, minmay_starry_boxes
D:7:      layout_loops_ring, mainiacjoe_overflow_tiny_flanked, temple_pool_b,
          uniq_pikel
D:8:      layout_loops_cross, minmay_misc_feat_tiny, nicolae_stop_n_shop_1,
          uniq_maurice, uniq_grum, uniq_erica
D:9:      layout_basic, nicolae_uskayaw_dance_studio, hangedman_fish_farm
D:10:     layout_roguey, lair_entry_dummy, enter_bailey_6
D:11:     minmay_general_purpose_star, layout_loops_cross, serial_shops,
          kennysheep_mini
D:12:     layout_loops_ring, david_orc_1_choice
D:13:     layout_basic, gammafunk_ghost_spectres,
          nicolae_transporter_intersection
D:14:     layout_small_grid, erik_vaults_2, grunt_decor_resistance,
          nicolae_trove_entry_diagonal, minmay_variable_closet,
          nrook_loot_triangle, minmay_checkered_concentric_circles
D:15:     hangedman_depths_entry_try_elsewhere_first, layout_gridville
Temple:   nicolae_temple_god_jail
Lair:1:   layout_hall_layers
Lair:2:   layout_cave_pods, nicolae_shoals_entry_flooding, lemuel_fruit_fields
Lair:3:   layout_long_grid, spider_nest_entry_a, lemuel_fruit_fields,
          infiniplex_staircase_pool, uniq_urug
Lair:4:   layout_misc_corridors, nicolae_slime_entry_slimehenge
Lair:5:   hangedman_lair_caniforms_friends, layout_misc_corridors,
          lemuel_fruit_fields, grunt_megastairs_3
Shoals:1: layout_shoals
Shoals:2: layout_shoals, uniq_polyphemus
Shoals:3: layout_shoals, portal_ice_cave_entry_ice_simulacra,
          nicolae_shoals_square_sea_wall
Shoals:4: shoals_end_simple, layout_shoals
Spider:1: nicolae_spider_obnoxious_hallway, guppyfry_spider_mini_1
Spider:2: layout_spider_delve, uniq_frances, uniq_arachne
Orc:1:    layout_caves, serial_shops, nicolae_square_shop
Orc:2:    st_orc_open, layout_diamond_mine, nicolae_orc_lava_room

Skill      XL: |  1  2  3  4  5  6  7  8  9 10 11 12 13 14 15 16 17 |
---------------+----------------------------------------------------+-----
Axes           | 3 4 5 6 7 9 10 11 13 14 15 16 17 18 | 18.0
Fighting       | 4 5 6 7 8 9 11 12 13 14 15 16 17 | 17.0
Shields        | 4 5 6 8 9 10 11 12 13 14 15 | 15.6
Armour         | 4 5 6 8 9 10 11 12 13 14 15 | 15.7
Invocations    | 3 5 7 9 11 12 14 15 16 17 | 17.0

Action                     |  1- 3 |  4- 6 |  7- 9 | 10-12 | 13-15 | 16-18 || total
---------------------------+-------+-------+-------+-------+-------+-------++-------
  Melee: War axe           |    98 |   138 |    29 |       |       |       ||   265
         Unarmed           |       |    37 |       |       |       |       ||    37
         Hand axe          |       |       |   148 |   422 |   590 |   328 ||  1488
   Fire: Sling             |     6 |       |       |       |       |       ||     6
 Invoke: Convert to Beogh  |       |       |     1 |       |       |       ||     1
         Recall Orcish Fol |       |       |       |     5 |    21 |    14 ||    40
         Give Item to Name |       |       |       |     1 |     3 |       ||     4
         Stop Recall       |       |       |       |     1 |     3 |     4 ||     8
         Smiting           |       |       |       |       |     1 |     3 ||     4
  Evoke: Wand              |       |       |       |       |    21 |     1 ||    22
    Use: Scroll            |     5 |     4 |     7 |     8 |    11 |     4 ||    39
         Potion            |       |     4 |     1 |     1 |    12 |     7 ||    25
   Stab: Distracted        |       |       |       |     1 |    11 |     7 ||    19
         Paralysed         |       |       |       |     1 |     4 |       ||     5
         Petrified         |       |       |       |       |     8 |       ||     8
 Armour: Chain mail        |    76 |    74 |    88 |    82 |       |       ||   320
         Plate armour      |       |       |       |    21 |   438 |   159 ||   618
  Dodge: Dodged            |    50 |    75 |    58 |    82 |   203 |    77 ||   545
  Block: Buckler           |    16 |    45 |    48 |   177 |   246 |       ||   532
         Reflection        |       |       |     4 |    17 |    31 |    28 ||    80
         Tower shield      |       |       |       |       |   198 |   405 ||   603

Table legend: (Time is in decaauts)
 A = Elapsed time spent in this place.
 B = Non-inter-level travel time spent in this place.
 C = Inter-level travel time spent in this place.
 D = Time resting spent in this place.
 E = Time spent auto-exploring this place.
 F = Levels seen in this place.
 G = Mean time per level.
                   A        B        C        D        E       F      G
               +--------+--------+--------+--------+--------+-----+--------+
         Total |  38277 |  36185 |   2092 |  12927 |  16760 |  30 | 1275.9 |
       Dungeon |  17973 |  16691 |   1282 |   3359 |  10758 |  15 | 1198.2 |
        Temple |    119 |    119 |      0 |    100 |      0 |   1 |  119.0 |
          Lair |   8047 |   7506 |    541 |   3348 |   3083 |   5 | 1609.4 |
        Shoals |   7598 |   7408 |    190 |   3643 |   2173 |   4 | 1899.5 |
   Spider Nest |    987 |    952 |     35 |    322 |    274 |   2 |  493.5 |
  Orcish Mines |   2832 |   2790 |     42 |   1652 |    472 |   2 | 1416.0 |
        Bailey |    719 |    719 |      0 |    503 |      0 |   1 |  719.0 |
               +--------+--------+--------+--------+--------+-----+--------+

Top non-repeatable levels by time:
Shoals:4: 3349 daAuts
  Lair:3: 2617 daAuts
    D:14: 1953 daAuts
    D:11: 1781 daAuts
   Orc:2: 1776 daAuts
    D:12: 1709 daAuts
    D:13: 1685 daAuts
  Lair:4: 1617 daAuts
Shoals:3: 1573 daAuts
  Lair:5: 1529 daAuts
Shoals:2: 1357 daAuts
Shoals:1: 1319 daAuts
  Lair:2: 1286 daAuts
     D:9: 1280 daAuts
    D:15: 1208 daAuts
